 Dungeon Crawl Stone Soup version 0.27.0-1-g7a089689b8 (webtiles) character file.

Game seed: 4208798109413057801

70685 theswoord the Cruncher (level 14, -14/116 HPs)
             Began as a Demonspawn Gladiator on Aug 7, 2021.
             Was the Champion of Wu Jian.
             Demolished by a golden dragon simulacrum (24 damage)
             ... in an ice cave.
             The game lasted 00:44:07 (22464 turns).

theswoord the Cruncher (Demonspawn Gladiator)      Turns: 22464, Time: 00:44:08

Health: -14/116    AC: 10    Str: 20 (22) XL:     14   Next: 95%
Magic:  0/14       EV: 21    Int: 10      God:    Wu Jian [******]
Gold:   1302       SH:  0    Dex: 14 (16) Spells: 13/13 levels left

rFire    . . .     SeeInvis +   f - +4 quarterstaff of Honesty {vorpal, +Blink rPois Str+4}
rCold    . . .     Faith    .   (shield currently unavailable)
rNeg     . . .     Spirit   +   G - +0 troll leather armour
rPois    +         Reflect  .   (helmet restricted)
rElec    .         Harm     .   (no cloak)
rCorr    .         Rampage  .   e - +3 pair of gauntlets of War {Slay+5}
Will     +....                  (boots unavailable)
Stlth    +.........             (no amulet)
HPRegen  1.29/turn              D - ring of see invisible
MPRegen  0.28/turn              w - +4 ring of evasion

@: no status effects
A: antennae 2, claws 2, hooves 3, magic shield, magic regeneration, magic link,
deterioration 1
a: Renounce Religion, Evoke Blink, Wall Jump, Serpent's Lash, Heavenly Storm


You were in an ice cave.
You worshipped Wu Jian.
Wu Jian was exalted by your worship.
You visited 5 branches of the dungeon, and saw 20 of its levels.
You also visited: Ice Cave.

You collected 1647 gold pieces.
You spent 345 gold pieces at shops.

Inventory:

Hand Weapons
 a - a +0 spectral quarterstaff
 f - the +4 quarterstaff of Honesty (weapon) {vorpal, +Blink rPois Str+4}
   (You bought it in a shop on level 2 of the Orcish Mines)

   It inflicts extra damage upon your enemies.
   Str:       It affects your strength (+4).
   rPois:     It protects you from poison.
   +Blink:    It lets you blink.
Missiles
 d - 3 throwing nets (quivered)
Armour
 e - the +3 pair of gauntlets of War (worn) {Slay+5}
   (You found it on level 2 of the Lair of Beasts)

   Slay:      It affects your accuracy & damage with ranged weapons and melee
   (+5).
 n - a +1 chain mail
 G - a +0 troll leather armour (worn)
Jewellery
 c - a +6 ring of strength
 j - a +6 ring of dexterity
 r - a ring of flight
 s - a ring of protection from fire
 w - a +4 ring of evasion (right hand)
 D - a ring of see invisible (left hand)
 I - a +6 ring of intelligence
 J - a ring of resist corrosion
Wands
 h - a wand of digging (2)
 k - a wand of paralysis (1)
 C - a wand of acid (6)
 E - a wand of iceblast (33)
Scrolls
 b - a scroll of amnesia
 p - a scroll of fog
 t - 4 scrolls of teleportation
 u - 2 scrolls of vulnerability
 B - 2 scrolls of blinking
 F - 2 scrolls of magic mapping
Potions
 g - a potion of magic {unknown}
 l - 4 potions of lignification
 m - a potion of berserk rage {unknown}
 o - 2 potions of brilliance
 q - 3 potions of attraction
 z - a potion of invisibility
 A - 2 potions of degeneration {unknown}
 H - 3 potions of mutation {unknown}
 L - a potion of resistance


   Skills:
 + Level 12.8 Fighting
 - Level 14.0 Staves
 - Level 1.7 Throwing
 + Level 11.7 Armour
 + Level 12.0 Dodging


You had 13 spell levels left.
You didn't know any spells.
Your spell library contained the following spells:

 Spells                   Type           Power      Damage    Failure   Level
 Corona                   Hex            0%         N/A       38%         1


Dungeon Overview and Level Annotations

Branches:
Dungeon (10/15)            Temple (1/1) D:4            Lair (6/6) D:8
  Swamp (0/4) Lair:2        Snake (1/4) Lair:4        Slime (0/5) Lair:5
    Orc (2/2) D:10            Elf (0/3) Orc:2         IceCv (1/1)

Altars:
Ashenzari
Cheibriados
Dithmenos
Elyvilon
Fedhas
Gozag
Hepliaklqana
Kikubaaqudgha
Makhleb
Nemelex Xobeh
Okawaru
Qazlal
Trog
Uskayaw
Vehumet
Wu Jian
Yredelemnul
Zin
The Shining One
Beogh
Jiyva

Shops:
D:7 ?   Orc:2 *!:(

Portals:
Pandemonium: Orc:2

Annotations:
Lair:1 exclusion: oklob plant
Lair:5 exclusion: oklob plant


Innate Abilities, Weirdness & Mutations

You have a pair of antennae on your head.
You have very sharp fingernails.
You have hooves in place of feet.
When hurt, damage is shared between your health and your magic reserves.
You regenerate magic rapidly.
When low on magic, you restore magic in place of health.
Your body sometimes deteriorates upon taking damage.


Message History

The storm dragon simulacrum is moderately damaged.
You bludgeon the storm dragon simulacrum!!
The storm dragon simulacrum vaporises!
The Council accepts your kill.
You sock the storm dragon simulacrum!
The storm dragon simulacrum is heavily damaged.
You hit the storm dragon simulacrum but do no damage.
You kick the storm dragon simulacrum.
The storm dragon simulacrum is heavily damaged.
The storm dragon simulacrum bites you.
The storm dragon simulacrum freezes you!!
The storm dragon simulacrum claws you but does no damage.
The storm dragon simulacrum barely misses you.
You barely miss the storm dragon simulacrum.
You kick the storm dragon simulacrum!
The storm dragon simulacrum is almost destroyed.
The storm dragon simulacrum bites you but does no damage.
The storm dragon simulacrum claws you!
The storm dragon simulacrum freezes you!
* * * LOW HITPOINT WARNING * * *
Your body deteriorates!
You feel weakened.
The storm dragon simulacrum closely misses you.
Okay, then.
You barely miss the storm dragon simulacrum.
The storm dragon simulacrum is almost destroyed.
You hit the storm dragon simulacrum but do no damage.
You kick the storm dragon simulacrum, but do no damage.
The storm dragon simulacrum is almost destroyed.
The storm dragon simulacrum bites you.
* * * LOW HITPOINT WARNING * * *
The storm dragon simulacrum freezes you!!
* * * LOW HITPOINT WARNING * * *
The storm dragon simulacrum misses you.
The storm dragon simulacrum tramples you.
* * * LOW HITPOINT WARNING * * *
The storm dragon simulacrum freezes you!!
* * * LOW HITPOINT WARNING * * *
You feel better.
The golden dragon simulacrum bites you!!
You die...

#####
##...##
##..∩..##
#.......#
#...∩...#
##.....##
##..@##
#.ZZ#
##...
#...#
....#
...#..
..# ##
##.


You could see a storm dragon simulacrum and a golden dragon simulacrum.

Vanquished Creatures
  Nessos (Orc:2)
  The ghost of Hairutzoic the Fighter, a journeyman MiBe of Trog (Lair:5)
  A dire elephant (Lair:6)
  Snorg (Lair:6)
  A boulder beetle (Lair:4)
  3 hydras
  4 catoblepae
  An anaconda (Snake:1)
  6 death yaks
  5 two-headed ogres
  A deep troll shaman (Lair:6)
  7 orc high priests (Orc:2)
  A shock serpent (Snake:1)
  A naga sharpshooter (Snake:1)
  Urug (D:10)
  Sonja (Lair:1)
  A skeletal warrior (D:10)
  2 infernal demonspawn (Orc:2)
  6 orc knights
  5 orc sorcerers
  An oklob plant (Lair:5)
  A salamander (Snake:1)
  A mana viper (Snake:1)
  5 elephants
  2 naga magi (Snake:1)
  7 black mambas
  7 cane toads
  An unseen horror (D:10)
  A storm dragon simulacrum (IceCv)
  A rime drake (Lair:2)
  9 komodo dragons
  2 red devils (Orc:2)
  4 trolls
  A hornet (Lair:2)
  3 polar bears (Lair:6)
  Prince Ribbit (D:8)
  14 dream sheep
  22 blink frogs
  A shadow (D:9)
  A wyvern (Lair:5)
  40 yaks
  The ghost of bidolon the Skirmisher, an amateur HOMo (D:3)
  Eustachio (D:5)
  A wraith (D:10)
  A basilisk (D:8)
  A chaos spawn (Orc:2)
  A neqoxec (Orc:2)
  3 steam dragons
  6 vampire mosquitoes
  3 wargs
  An acid dragon (D:10)
  2 nagas
  10 water moccasins
  Duvessa (D:7)
  5 sky beasts
  5 ice beasts
  27 orc warriors
  3 necrophages
  6 black bears
  6 ogres
  4 centaurs
  A phantom (D:5)
  24 wolves
  Dowan (D:7)
  15 bullfrogs
  2 gnoll sergeants
  2 scorpions
  2 wyvern zombies
  A wyvern skeleton (D:5)
  9 killer bees
  A vampire bat (Lair:5)
  An electric eel (Lair:2)
  5 howler monkeys
  A centaur zombie (D:8)
  A jelly (D:6)
  A hound (D:7)
  A bullfrog zombie (D:6)
  2 gnoll shamans
  20 orc priests
  A bullfrog skeleton (D:6)
  A centaur skeleton (D:5)
  2 iguanas
  7 orc wizards
  18 hell rats
  A statue (D:7)
  A killer bee zombie (D:7)
  A hound skeleton (D:4)
  3 howler monkey zombies
  6 adders
  11 gnolls
  3 white imps
  An ufetubus (D:7)
  An adder skeleton (D:4)
  2 worms
  2 dart slugs
  65 orcs
  6 ball pythons
  5 endoplasms
  5 giant cockroaches
  15 goblins
  4 hobgoblins
  9 jackals
  6 quokkas
  16 bats
  3 frilled lizards
  6 kobolds
  2 rats (D:1)
556 creatures vanquished.

Vanquished Creatures (collateral kills)
  2 orc priests (D:6)
  2 orcs (D:6)
4 creatures vanquished.

Vanquished Creatures (others)
  A death yak (Lair:6)
  A gnoll (D:8)
  A goblin (D:8)
  51 fungi
  59 plants
113 creatures vanquished.

Grand Total: 673 creatures vanquished

Notes
Turn   | Place    | Note
-------+----------+-------------------------------------------
     0 | D:1      | theswoord the Demonspawn Gladiator began the quest for the
                  | Orb.
     0 | D:1      | Reached XP level 1. HP: 16/16 MP: 1/1
   118 | D:1      | Reached skill level 3 in Staves
   197 | D:1      | Found a faded altar of an unknown god.
   208 | D:1      | Got Plato's Guide on Malediction
   233 | D:1      | Gained mutation: You have large cloven feet. [demonic
                  | ancestry]
   233 | D:1      | Reached XP level 2. HP: 22/22 MP: 2/2
  1107 | D:1      | Gained mutation: You have hoof-like feet. [demonic
                  | ancestry]
  1107 | D:1      | Reached XP level 3. HP: 21/27 MP: 3/3
  1525 | D:2      | Reached skill level 4 in Staves
  1858 | D:2      | Gained mutation: You regenerate magic rapidly. [demonic
                  | ancestry]
  1858 | D:2      | Reached XP level 4. HP: 29/33 MP: 4/4
  1901 | D:2      | Found a sparkling altar of Nemelex Xobeh.
  2243 | D:3      | Found a runed translucent door.
  2243 | D:3      | Noticed bidolon's ghost (amateur HOMo)
  2286 | D:3      | Killed bidolon's ghost
  2287 | D:3      | Reached skill level 6 in Staves
  2287 | D:3      | Gained mutation: When hurt, damage is shared between your
                  | health and your magic reserves. [demonic ancestry]
  2287 | D:3      | Reached XP level 5. HP: 27/38 MP: 5/5
  2707 | D:3      | Found a bloodstained altar of Trog.
  2709 | D:3      | Found an ancient bone altar of Kikubaaqudgha.
  3217 | D:4      | Found a staircase to the Ecumenical Temple.
  3242 | Temple   | Entered the Ecumenical Temple
  3272 | Temple   | Became a worshipper of the Wu Jian Council
  3300 | D:4      | Paralysed by an orc for 5 turns
  3308 | D:4      | Paralysed by an orc for 6 turns
  3441 | D:4      | Gained mutation: When low on magic, you restore magic in
                  | place of health. [demonic ancestry]
  3441 | D:4      | Reached XP level 6. HP: 38/44 MP: 6/6
  3590 | D:4      | Noticed an ice beast
  3605 | D:4      | Killed an ice beast
  3949 | D:4      | Reached skill level 7 in Staves
  4069 | D:4      | Reached * piety under Wu Jian
  4117 | D:5      | Entered Level 5 of the Dungeon
  4386 | D:5      | You fall into a shaft and drop 2 floors!
  4416 | D:7      | Gained mutation: You have a pair of small antennae on your
                  | head. [demonic ancestry]
  4416 | D:7      | Reached XP level 7. HP: 50/50 MP: 7/7
  4729 | D:7      | Found an opulent altar of Gozag.
  4741 | D:7      | Found a blossoming altar of Fedhas.
  4747 | D:7      | Found a hide-covered altar of Uskayaw.
  4803 | D:6      | Reached skill level 8 in Staves
  5451 | D:7      | Found a shadowy altar of Dithmenos.
  5464 | D:7      | Noticed a steam dragon
  5704 | D:6      | Noticed a yak
  5705 | D:6      | Noticed a yak
  5766 | D:5      | Reached skill level 9 in Staves
  5766 | D:5      | Gained mutation: You have sharp fingernails. [demonic
                  | ancestry]
  5766 | D:5      | Reached XP level 8. HP: 46/56 MP: 8/8
  6049 | D:5      | Noticed Eustachio
  6057 | D:5      | Killed Eustachio
  6058 | D:5      | Reached skill level 10 in Staves
  6649 | D:6      | Reached skill level 11 in Staves
  6649 | D:6      | Gained mutation: You have hooves in place of feet. [demonic
                  | ancestry]
  6649 | D:6      | Reached XP level 9. HP: 59/61 MP: 9/9
  6663 | D:6      | Reached ** piety under Wu Jian
  7052 | D:6      | Reached skill level 12 in Staves
  7420 | D:7      | Noticed Duvessa
  7423 | D:7      | Noticed Dowan
  7425 | D:7      | Killed Duvessa
  7430 | D:7      | Killed Dowan
  7541 | D:7      | Found a stormy altar of Qazlal.
  7554 | D:7      | Found Qocimpap's Magic Scroll Shop.
  7558 | D:7      | Bought a scroll of identify for 24 gold pieces
  7558 | D:7      | Bought a scroll of blinking for 90 gold pieces
  7558 | D:7      | Bought a scroll of identify for 24 gold pieces
  7606 | D:7      | Found a radiant altar of Vehumet.
  7782 | D:8      | Found a staircase to the Lair.
  7782 | D:8      | Noticed an elephant
  7782 | D:8      | Noticed a death yak
  7807 | D:7      | Killed an elephant
  7808 | D:7      | Reached skill level 13 in Staves
  7808 | D:7      | Gained mutation: You have a pair of antennae on your head.
                  | [demonic ancestry]
  7808 | D:7      | Reached XP level 10. HP: 49/67 MP: 6/10
  7966 | D:8      | Noticed Prince Ribbit
  7971 | D:8      | Killed Prince Ribbit
  8153 | D:8      | Noticed a two-headed ogre
  8154 | D:8      | Found a burning altar of Makhleb.
  8158 | D:8      | Killed a two-headed ogre
  8476 | D:8      | Killed a death yak
  8477 | D:8      | Reached skill level 14 in Staves
  8477 | D:8      | Reached skill level 1 in Armour
  8540 | D:8      | Noticed a two-headed ogre
  8561 | D:8      | Killed a two-headed ogre
  8928 | D:8      | Found an iron altar of Okawaru.
  9489 | Lair:1   | Entered Level 1 of the Lair of Beasts
  9549 | Lair:1   | Noticed Sonja
  9559 | Lair:1   | Killed Sonja
  9560 | Lair:1   | Gained mutation: You have very sharp fingernails. [demonic
                  | ancestry]
  9560 | Lair:1   | Reached XP level 11. HP: 46/74 MP: 8/11
 10198 | Lair:1   | Noticed an oklob plant
 10404 | Lair:1   | Reached *** piety under Wu Jian
 10641 | Lair:2   | Found a staircase to the Swamp.
 10648 | Lair:2   | Reached skill level 5 in Fighting
 10648 | Lair:2   | Reached skill level 5 in Dodging
 11100 | Lair:2   | Noticed a four-headed hydra
 11422 | Lair:2   | Paralysed by a hornet for 3 turns
 11427 | Lair:2   | Paralysed by a hornet for 2 turns
 11837 | Lair:2   | Killed a four-headed hydra
 11838 | Lair:2   | Reached skill level 5 in Armour
 12045 | Lair:2   | Noticed a four-headed hydra
 12054 | Lair:2   | Killed a four-headed hydra
 12214 | Lair:2   | Found the +3 pair of gauntlets of War {Slay+5}
 12682 | Lair:3   | Found a stormy altar of Qazlal.
 12783 | Lair:3   | Reached XP level 12. HP: 87/91 MP: 12/12
 12947 | Lair:3   | Noticed a catoblepas
 12957 | Lair:3   | Killed a catoblepas
 13706 | Lair:4   | Found a staircase to the Snake Pit.
 13781 | Lair:4   | Noticed a boulder beetle
 13839 | Lair:4   | Killed a boulder beetle
 13978 | Lair:4   | Reached **** piety under Wu Jian
 14896 | Lair:5   | Found a gate leading to a gauntlet.
 15100 | Lair:5   | Found a blossoming altar of Fedhas.
 15313 | Lair:5   | Found a viscous altar of Jiyva.
 15314 | Lair:5   | Found a staircase to the Slime Pits.
 15410 | Lair:5   | Found a runed translucent gate.
 15410 | Lair:5   | Found a runed translucent gate.
 15410 | Lair:5   | Found a runed translucent gate.
 15411 | Lair:5   | Noticed Hairutzoic's ghost (journeyman MiBe)
 15426 | Lair:5   | Killed Hairutzoic's ghost
 15511 | Lair:5   | Reached XP level 13. HP: 80/101 MP: 13/13
 15964 | Lair:6   | Entered Level 6 of the Lair of Beasts
 15969 | Lair:6   | Noticed Snorg
 15987 | Lair:6   | Killed Snorg
 16347 | Lair:6   | Reached ***** piety under Wu Jian
 16499 | Lair:6   | Reached skill level 10 in Fighting
 17156 | Lair:6   | Reached skill level 10 in Dodging
 18148 | Lair:6   | Reached skill level 10 in Armour
 18457 | Lair:6   | Noticed a dire elephant
 18496 | Lair:6   | Killed a dire elephant
 18550 | Lair:6   | Identified the +1 plate armour of Painted Intercession
                  | {*Slow rF+ SInv}
 19201 | D:9      | Reached XP level 14. HP: 113/113 MP: 14/14
 19754 | D:10     | Entered Level 10 of the Dungeon
 19777 | D:10     | Found a staircase to the Orcish Mines.
 19824 | D:10     | Noticed Urug
 19847 | D:10     | Killed Urug
 20335 | Orc:1    | Entered Level 1 of the Orcish Mines
 20845 | Orc:2    | Entered Level 2 of the Orcish Mines
 20864 | Orc:1    | Reached ****** piety under Wu Jian
 20919 | Orc:2    | Found a staircase to the Elven Halls.
 21026 | Orc:2    | Noticed Nessos
 21041 | Orc:2    | Killed Nessos
 21542 | Orc:2    | Found Jokkauw's Distillery.
 21546 | Orc:2    | Found Kaez's General Store.
 21692 | Orc:2    | HP: 4/115 [orc knight (20)]
 21699 | Orc:2    | Paralysed by an orc sorcerer for 5 turns
 21899 | Orc:2    | Gained mutation: Your body sometimes deteriorates upon
                  | taking damage. [a neqoxec]
 21961 | Orc:2    | Found Onkyicol's Book Boutique.
 21961 | Orc:2    | Found a one-way gate leading to the halls of Pandemonium.
 21961 | Orc:2    | Found Otuqe's Antique Weapon Shop.
 22004 | Orc:2    | Bought a jewelled quarterstaff for 207 gold pieces
 22004 | Orc:2    | Identified the +4 quarterstaff of Honesty {vorpal, +Blink
                  | rPois Str+4} (You bought it in a shop on level 2 of the
                  | Orcish Mines)
 22232 | Snake:1  | Entered Level 1 of the Snake Pit
 22234 | Snake:1  | Identified the +7 glaive of Terror {freeze, +Rage rC-
                  | rCorr}
 22349 | Snake:1  | Found a frozen archway.
 22373 | Snake:1  | HP: 3/116 [naga sharpshooter/bolt (18)]
 22456 | IceCv    | Entered an ice cave
 22463 | IceCv    | HP: 4/116 [storm dragon simulacrum (19)]
 22464 | IceCv    | Demolished by a golden dragon simulacrum

Skill      XL: |  1  2  3  4  5  6  7  8  9 10 11 12 13 14 |
---------------+-------------------------------------------+-----
Staves         | 3 4 6 7 9 11 13 14 | 14.0
Armour         | 3 6 8 10 11 | 11.7
Dodging        | 4 7 9 10 12 | 12.0
Fighting       | 4 7 9 11 12 | 12.8
Throwing       | |  1.7

Action                   |  1- 3 |  4- 6 |  7- 9 | 10-12 | 13-15 || total
-------------------------+-------+-------+-------+-------+-------++-------
Melee: Quarterstaff      |    91 |   109 |   187 |   446 |   686 ||  1519
       Kick              |    15 |    33 |    58 |   181 |   303 ||   590
Throw: Throwing net      |       |       |     1 |     1 |       ||     2
Invok: Lunge             |       |     7 |    22 |    33 |    62 ||   124
       Whirlwind         |       |       |     4 |     7 |    22 ||    33
       Serpent's Lash    |       |       |       |       |     1 ||     1
       Heavenly Storm    |       |       |       |       |     1 ||     1
Evoke: Wand              |       |       |       |     1 |       ||     1
  Use: Scroll            |     4 |     6 |     8 |     6 |     9 ||    33
       Potion            |       |     2 |     2 |     4 |    10 ||    18
 Stab: Sleeping          |     2 |     5 |       |       |       ||     7
       Distracted        |     1 |     1 |     3 |     9 |     9 ||    23
       Held in net/web   |       |       |       |     2 |       ||     2
Armor: Leather armour    |    26 |     5 |       |       |       ||    31
       Ring mail         |       |    20 |    13 |       |       ||    33
       Scale mail        |       |       |    12 |       |       ||    12
       Chain mail        |       |       |    15 |    81 |    67 ||   163
       Troll leather arm |       |       |       |       |    37 ||    37
Dodge: Dodged            |    55 |    48 |    75 |   180 |   375 ||   733

Levels and vault maps discovered:
D:1:      psy_arrival_fountain, layout_basic,
          shapermc_ecumenical_altar_rom_forum, serial_rivers,
          chequers_serial_rivers_micro_d, chequers_serial_rivers_marsh,
          chequers_serial_rivers_large_b, chequers_serial_rivers_large_a,
          chequers_serial_rivers_room_a, minmay_door_square
D:2:      layout_loops_ring, basic_altar, bh_walls_and_bars
D:3:      layout_basic, nicolae_overflow_hidden_temple, gammafunk_ghost_grave,
          hangedman_abyss_or_decor_stabs, grunt_decor_cap
D:4:      layout_gridville, temple_green
D:5:      layout_basic, elyvilon_altar_1, uniq_eustachio
D:6:      layout_rooms, nrook_pool_corridor, st_stairs_5, minmay_alternating_orb
D:7:      layout_cave_pools, grunt_temple_overflow_cloverleaf,
          grunt_dithmenos_smoke, grunt_qazlal_clouds, vehumet_statue,
          serial_shops, nicolae_shop_trees, uniq_duvessa
D:8:      layout_basic, mainiacjoe_overflow_chevrons, okawaru_altar_gauntlet_db,
          david_lair_generic, enter_bailey_5, uniq_prince_ribbit1
D:9:      layout_stronghold, serial_bayou_pond_c
D:10:     layout_rooms, david_orc_2, eino_tiny_chamber,
          minmay_increasing_density, uniq_urug
Temple:   eino_wide_crystal_templ
Lair:1:   layout_loops_ring, minmay_lair_oklob_chamber, uniq_sonja
Lair:2:   layout_regular_city, minmay_swamp_entry_swarm
Lair:3:   layout_long_grid, basic_altar
Lair:4:   layout_hall_layers, guppyfry_snake_entry_garden, fungi_pond_lemuel,
          grunt_megastairs_2, lemuel_fruit_tree, infiniplex_staircase_pool
Lair:5:   layout_roguey, slime_altar_1, ebering_ghost_rock_garden,
          gauntlet_entry_generic, roderic_batcave,
          nicolae_quartered_pool_little, tgw_fedhas, infiniplex_staircase_pool_2
Lair:6:   grunt_lair_end_beastmaster, layout_cave_pods,
          minmay_stone_trees_small, uniq_snorg
Snake:1:  nicolae_snake_unarmed_stairs_patrol, layout_cave_shapes,
          portal_ice_cave_entry_pillars_1, serial_shops, shop, shop,
          nicolae_shop_crystal, minmay_shop_grove
Orc:1:    layout_diamond_mine
Orc:2:    pf_orc_diabolical, layout_caves, basic_altar, mines2_david,
          uniq_nessos
IceCv:    ice_cave_small_dragons
